 Dungeon Crawl Stone Soup version 0.16.2-12-gd0ad4c3 (webtiles) character file.

3225 Gravoth the Spear-Bearer (level 9, -1/79 HPs)
             Began as a Demigod Fighter on Oct 26, 2015.
             Slain by a queen bee (12 damage)
             ... on level 8 of the Dungeon.
             The game lasted 00:41:43 (10146 turns).

Gravoth the Spear-Bearer (Demigod Fighter)         Turns: 10146, Time: 00:41:44

Health: -1/79      AC:  6    Str: 21    XL:     9   Next: 39%
Magic:  15/15      EV: 16    Int: 12    God:
Gold:   334        SH:  6    Dex: 19    Spells: 0 memorised, 8 levels left

rFire  . . .     SeeInvis .     x - +2 spear
rCold  . . .     Clarity  .     D - +3 robe "Chisch" {Contam rElec Slay+3}
rNeg   . . .     SustAb   +     i - +0 buckler
rPois  .         Gourm    .     h - +0 helmet
rElec  +         Spirit   .     (no cloak)
rCorr  .         Warding  .     (no gloves)
rMut   .         Stasis   .     (no boots)
MR     +....                    (no amulet)
Stlth  ++........               (no ring)
                                E - ring of protection from magic

@: very slightly contaminated, hasted, very quick, somewhat resistant to hostile
enchantments, unstealthy
A: sustain abilities
a: no special abilities


You were on level 8 of the Dungeon.
You were hungry.

You visited 1 branch of the dungeon, and saw 9 of its levels.

You collected 334 gold pieces.

Inventory:

Hand weapons
 a - a +0 trident
 x - a +2 spear (weapon)
Missiles
 s - 7 javelins (quivered)
Armour
 b - a +0 scale mail
 c - a +0 shield
 e - a +1 leather armour of magic resistance
 h - a +0 helmet (worn)
 i - a +0 buckler (worn)
 z - a +0 large shield
 D - the +3 robe "Chisch" (worn) {Contam rElec Slay+3}
   (You found it on level 5 of the Dungeon)

   It affects your accuracy and damage with ranged weapons and melee attacks
   (+3).
   It insulates you from electricity.
   It causes magical contamination when unequipped.
Jewellery
 t - a cursed amulet of faith
 E - a ring of protection from magic (left hand)
Magical devices
 m - a wand of random effects (32)
Scrolls
 g - 5 scrolls of identify
 p - 4 scrolls of teleportation
 q - 2 scrolls of amnesia
 u - a scroll of noise {unknown}
 v - a scroll of blinking {unknown}
 y - a scroll of random uselessness {unknown}
 A - 2 scrolls of magic mapping
 B - a scroll of remove curse
 H - a scroll of recharging {unknown}
Potions
 k - a potion of heal wounds {unknown}
 l - a potion of ambrosia {unknown}
 o - a potion of flight {unknown}
 r - a potion of magic {unknown}
 w - a potion of restore abilities {unknown}
 F - a potion of resistance {unknown}
 G - a potion of lignification {unknown}
 I - a potion of degeneration {unknown}
 L - a potion of might
Comestibles
 d - 5 bread rations
 n - 5 fruits
 C - a meat ration
 K - a royal jelly


   Skills:
 + Level 7.2 Fighting
 + Level 8.3 Polearms
 - Level 2.6 Armour
 - Level 5.0 Dodging
 - Level 5.2 Shields


You had 8 spell levels left.
You didn't know any spells.

Dungeon Overview and Level Annotations

Branches:
Dungeon (9/15)             Temple (0/1) D:7
   Lair: D:8-11         Orc: D:9-12

Shops:
D:4 }

Annotations:
D:6 Sigmund


Innate Abilities, Weirdness & Mutations

Your attributes are resistant to harm.


Message History

There is an open door here.
There is an open door here.
You barely miss the queen bee.
The queen bee is moderately wounded.
The queen bee stings you!
* * * LOW HITPOINT WARNING * * *
Drink which item? (? for menu, Esc to quit)
You feel yourself speed up. The queen bee completely misses you.
You are very lightly contaminated with residual magic.
You hit the queen bee.
The queen bee is moderately wounded.
You puncture the queen bee!
The queen bee is heavily wounded.
The queen bee stings you!
* * * LOW HITPOINT WARNING * * *
You are lethally poisoned!
The queen bee poisons you!
Drink which item? (? for menu, Esc to quit)
You feel better. The queen bee stings you!
You die...

#...#...........+............
#...#...........# ......(....
#..##...........# #...####'
#..####+##+##.....####+##....
#.......+ +.....+.....'....
#.......# #.... #.....#....
#..##.### ... #+##..#....
#..##.########+#.....#..##...
#..........'@..+.....+...#...
#..........#y..#.....#...#...
#.........##..##.....#...#...
#.....##..##..#......#...'...
#.....##......#......+...#...
#.....##..##..#......###+#...
#.....##..##..#..............
#.............+..............
#.............#...........†>.


You could see a queen bee.

Vanquished Creatures
  A wyvern (D:8)
  Menkaure (D:7)
  A sky beast (D:6)
  A black bear (D:7)
  An ogre (D:4)
  A centaur (D:6)
  5 giant frogs
  2 scorpions
  26 killer bees
  3 crimson imps
  A hound (D:6)
  A gnoll shaman (D:4)
  A goliath beetle (D:7)
  3 orc priests
  3 giant frog skeletons
  3 iguanas
  5 worker ants
  4 orc wizards
  A hound skeleton (D:4)
  A worker ant zombie (D:5)
  13 gnolls
  10 adders
  A shadow imp (D:6)
  2 giant mites (D:3)
  2 worms (D:2)
  An adder skeleton (D:4)
  An adder zombie (D:5)
  5 giant geckos
  4 oozes
  12 orcs
  A giant cockroach (D:5)
  14 hobgoblins
  11 jackals
  9 kobolds
  2 quokkas
  4 ball pythons
  A ball python zombie (D:5)
  6 bats
  6 giant newts
  4 goblins
  11 rats
185 creatures vanquished.

Notes
Turn   | Place    | Note
--------------------------------------------------------------
     0 | D:1      | Gravoth, the Demigod Fighter, began the quest for the Orb.
     0 | D:1      | Reached XP level 1. HP: 18/18 MP: 2/2
   477 | D:1      | Reached XP level 2. HP: 23/25 MP: 3/3
   759 | D:1      | Reached skill level 3 in Polearms
   802 | D:1      | Reached XP level 3. HP: 21/30 MP: 5/5
  1568 | D:2      | Reached skill level 4 in Polearms
  1576 | D:2      | Reached XP level 4. HP: 24/37 MP: 7/7
  3070 | D:4      | Noticed an ogre
  3103 | D:4      | Killed an ogre
  3103 | D:4      | Reached skill level 5 in Polearms
  3103 | D:4      | Reached XP level 5. HP: 18/42 MP: 8/8
  3582 | D:4      | Reached skill level 1 in Dodging
  3587 | D:4      | Reached XP level 6. HP: 34/50 MP: 10/10
  3965 | D:4      | Found a sacrificial altar of Ru.
  4088 | D:4      | Found an opulent altar of Gozag.
  4508 | D:4      | Found Skuinontad's Gadget Emporium.
  4810 | D:5      | Entered Level 5 of the Dungeon
  5353 | D:5      | Reached XP level 7. HP: 41/56 MP: 12/12
  5588 | D:5      | Found an iron altar of Okawaru.
  5591 | D:5      | Got a crude robe
  5593 | D:5      | Identified the +3 robe "Chisch" {Contam rElec Slay+3} (You found it on level 5 of the Dungeon)
  6130 | D:6      | Reached skill level 5 in Shields
  6405 | D:6      | Noticed Sigmund
  6737 | D:6      | Found an opulent altar of Gozag.
  6740 | D:6      | Found a radiant altar of Vehumet.
  6743 | D:6      | Found a burning altar of Makhleb.
  7507 | D:7      | Reached skill level 5 in Dodging
  7507 | D:7      | Reached XP level 8. HP: 64/66 MP: 13/13
  7742 | D:7      | Reached skill level 6 in Polearms
  7774 | D:7      | Found a staircase to the Ecumenical Temple.
  7785 | D:7      | Noticed Menkaure
  7791 | D:7      | Killed Menkaure
  7947 | D:7      | Reached skill level 5 in Fighting
  8743 | D:7      | Reached skill level 7 in Polearms
  9067 | D:8      | Reached XP level 9. HP: 55/75 MP: 15/15
  9636 | D:8      | Found a shattered altar of Ashenzari.
  9742 | D:8      | Reached skill level 8 in Polearms
 10056 | D:8      | Noticed a queen bee
 10146 | D:8      | Slain by a queen bee

Action                   |  1- 3 |  4- 6 |  7- 9 || total
-------------------------+-------+-------+-------++-------
Melee: Trident           |   180 |   136 |       ||   316
       Spear             |       |   204 |   503 ||   707
Throw: Javelin           |       |     2 |    12 ||    14
  Use: Potion            |       |     3 |     5 ||     8
       Scroll            |       |     6 |     4 ||    10
 Stab: Sleeping          |       |     1 |     4 ||     5
       Distracted        |       |       |     1 ||     1
  Eat: Chunk             |     2 |     8 |     9 ||    19
       Bread ration      |       |     1 |       ||     1
       Meat ration       |       |       |     1 ||     1
       Beef jerky        |       |       |     1 ||     1
